 Dungeon Crawl Stone Soup version 0.31-a0-188-g5e087ee2ca (webtiles) character file.

Game seed: 5891617263451445228

2352 IdlyInterested the Trooper (level 9, -4/72 HPs)
             Began as a Demonspawn Fighter on June 23, 2023.
             Slain by a bone dragon (12 damage)
             ... on level 1 of the Abyss.
             The game lasted 00:20:12 (6202 turns).

IdlyInterested the Trooper (Demonspawn Fighter)     Turns: 6202, Time: 00:20:13

Health: -4/72      AC: 17    Str: 20    XL:     9   Next: 20%
Magic:  9/9        EV:  6    Int:  9    God:
Gold:   221        SH:  9    Dex: 17    Spells: 8/8 levels left

rFire   + . .        a - +0 long sword
rCold   . . .        y - +0 kite shield
rNeg    . . .        L - +0 plate armour of Duty {Will+ Str+3}
rPois   .            (helmet restricted)
rElec   .            (no cloak)
rCorr   .            B - +0 pair of gloves
SInv    .            l - +0 pair of boots
Will    +....        (no amulet) Stlth
                     r - ring of protection from fire
HPRegen 0.32/turn    (no ring)
MPRegen 0.11/turn

%: no passive effects
@: mighty, hasted, very quick
A: antennae 2, spiny 1, weakness stinger 1, iridescent scales 1, camouflage 1,
screaming 1, wild magic 1
a: no special abilities


You were on level 1 of the Abyss.
You visited 2 branches of the dungeon, and saw 8 of its levels.
You visited the Abyss 1 time.

You collected 221 gold pieces.

Inventory:

Hand Weapons
 a - a +0 long sword (weapon)
 h - a +0 falchion
 t - a +0 short sword
 E - a +0 falchion
 F - a +0 great sword
 H - a +0 falchion
Missiles
 g - 50 stones (quivered)
 m - 5 javelins
 v - 2 boomerangs
 G - 20 poisoned darts
 J - 2 boomerangs of dispersal
Armour
 c - a +0 buckler
 l - a +0 pair of boots (worn)
 y - a +0 kite shield (worn)
 B - a +0 pair of gloves (worn)
 I - a +1 leather armour of cold resistance
 K - a +2 robe of cold resistance
 L - the +0 plate armour of Duty (worn) {Will+ Str+3}
   (You found it on level 7 of the Dungeon)

   Str:       It affects your strength (+3).
   Will:      It increases your willpower.
Jewellery
 r - a ring of protection from fire (left hand)
Wands
 A - a wand of flame (28)
 C - a wand of charming (16)
Scrolls
 e - 5 scrolls of teleportation
 f - 2 scrolls of torment
 j - 4 scrolls of enchant armour
 n - 3 scrolls of immolation
 o - a scroll of fear
 p - a scroll of revelation
 q - a scroll of fog
 s - 3 scrolls of brand weapon
 u - 3 scrolls of silence
Potions
 i - 3 potions of mutation
 k - 2 potions of curing
 w - a potion of brilliance {unknown}
 x - 3 potions of enlightenment
 z - a potion of heal wounds
 D - a potion of magic


   Skills:
 + Level 7.5 Fighting
 + Level 6.6 Long Blades
 - Level 2.0 Throwing
 + Level 5.6 Armour
 - Level 3.0 Dodging
 - Level 1.0 Stealth
 - Level 2.6 Shields
 - Level 2.0 Evocations


You had 8 spell levels left.
You didn't know any spells.
Your spell library contained the following spells:

 Spells                   Type           Power      Damage    Failure   Level
 Apportation              Tloc           0%         N/A       100%        1
 Necrotise                Necr           0%         1d4       100%        1
 Summon Small Mammal      Summ           0%         N/A       100%        1
 Scorch                   Fire           0%         2d5       100%        2
 Inner Flame              Hex/Fire       0%         N/A       100%        3
 Tukima's Dance           Hex            0%         N/A       100%        3
 Flame Wave               Conj/Fire      0%         2d4       100%        4
 Passage of Golubria      Tloc           0%         N/A       100%        4
 Sticky Flame             Conj/Fire      0%         2d3       100%        4
 Yara's Violent Unravell  Hex/Tmut       0%         3d3       100%        5
 Summon Cactus Giant      Summ           0%         N/A       100%        6


Dungeon Overview and Level Annotations

Branches:
Dungeon (7/15)             Temple (1/1) D:6

Altars:
Cheibriados
Dithmenos
Fedhas
Hepliaklqana
Kikubaaqudgha
Makhleb
Nemelex Xobeh
Okawaru
Ru
Trog
Uskayaw
Vehumet
Wu Jian
Xom
Yredelemnul


Innate Abilities, Weirdness & Mutations

You have a pair of antennae on your head.
You are partially covered in sharp spines.
You have a small tail.
You are partially covered in iridescent scales. (AC +2)
Your skin changes colour to match your surroundings (Stealth+).
You occasionally shout uncontrollably at your foes.
Your spells are a little harder to cast, but a little more powerful.


Message History

You feel yourself speed up.
You hit the bone dragon.
The bone dragon is lightly damaged.
You hit the bone dragon but do no damage.
You tail-slap the bone dragon.
The bone dragon is lightly damaged.
The bone dragon bites you. The bone dragon claws you.
The bone dragon barely misses you.
You barely miss the bone dragon.
The bone dragon is lightly damaged.
The bone dragon closely misses you. The bone dragon claws you.
You block the bone dragon's attack.
You slash the bone dragon!
You tail-slap the bone dragon, but do no damage.
The bone dragon is lightly damaged.
The bone dragon completely misses you. The bone dragon claws you.
The bone dragon tramples you but does no damage.
You hit the bone dragon but do no damage.
The bone dragon is lightly damaged.
The bone dragon barely misses you. You block the bone dragon's attack.
The bone dragon tramples you!
You hold your ground!
You hit the bone dragon but do no damage.
The bone dragon is lightly damaged.
The bone dragon bites you! You block the bone dragon's attack.
The bone dragon tramples you.
* * * LOW HITPOINT WARNING * * *
You hold your ground!
You hit the bone dragon but do no damage.
The bone dragon is lightly damaged.
You slash the bone dragon! You tail-slap the bone dragon!
The bone dragon is lightly damaged.
The bone dragon bites you but does no damage.
The bone dragon claws you but does no damage.
The bone dragon tramples you but does no damage.
You slash the bone dragon!
The bone dragon is moderately damaged.
The bone dragon bites you!
* * * LOW HITPOINT WARNING * * *
The bone dragon claws you!
You die...

# . # # . # ###
## .# #.. ##..#
#. .# # # # #..
###.##.# D.#. .##
#D# .##@.# #
.#..#.# .#.D.#.#
.#
.#D#.#.##.#.#..##
... ..#.#......##
#. . .####.######
. .. . ##. .#.##
# #.> . # .# #
##. # #.. .## ..


You could see a bone dragon.

Vanquished Creatures
  Eustachio (D:5)
  A wyvern (D:6)
  2 water moccasins (D:7)
  An orc warrior (D:6)
  An ice beast (D:6)
  3 ogres (D:5)
  2 phantoms
  2 bullfrogs (D:6)
  A kobold brigand (D:6)
  3 scorpions
  6 wights (D:6)
  A howler monkey (D:6)
  4 hounds
  An orc priest (D:3)
  2 jellies
  A sleepcap (D:5)
  An iguana (D:5)
  3 orc wizards (D:6)
  8 gnolls
  6 adders
  2 white imps (D:6)
  An ufetubus (D:4)
  2 dart slugs (D:1)
  20 orcs
  5 bats
  2 endoplasms
  A giant cockroach (D:3)
  3 goblins
  A hobgoblin (D:1)
  8 jackals
  10 kobolds
  3 quokkas
  7 ball pythons
  4 frilled lizards
  A rat (D:3)
120 creatures vanquished.

Notes
Turn   | Place    | Note
-------+----------+-------------------------------------------
     0 | D:1      | IdlyInterested the Demonspawn Fighter began the quest for
                  | the Orb.
     0 | D:1      | Reached XP level 1. HP: 18/18 MP: 1/1
   122 | D:1      | Discovered your monstrous ancestry.
   122 | D:1      | Gained mutation: You have a pair of small antennae on your
                  | head. [demonic ancestry]
   122 | D:1      | Reached XP level 2. HP: 10/24 MP: 2/2
   859 | D:2      | Reached skill level 1 in Dodging
   859 | D:2      | Reached XP level 3. HP: 16/29 MP: 3/3
  1275 | D:2      | Found a sacrificial altar of Ru.
  1540 | D:3      | Gained mutation: You are partially covered in iridescent
                  | scales. (AC +2) [potion of mutation]
  1540 | D:3      | Gained mutation: You occasionally shout uncontrollably at
                  | your foes. [potion of mutation]
  1540 | D:3      | Gained mutation: Your spells are a little harder to cast,
                  | but a little more powerful. [potion of mutation]
  1540 | D:3      | Gained mutation: Your skin changes colour to match your
                  | surroundings (Stealth+). [potion of mutation]
  1786 | D:3      | Reached XP level 4. HP: 6/35 MP: 4/4
  2013 | D:3      | Gained mutation: You are partially covered in sharp spines.
                  | [demonic ancestry]
  2013 | D:3      | Reached XP level 5. HP: 22/42 MP: 5/5
  2135 | D:3      | Found a sacrificial altar of Ru.
  2886 | D:4      | Reached skill level 4 in Fighting
  3493 | D:5      | Entered Level 5 of the Dungeon
  3507 | D:5      | Reached skill level 1 in Stealth
  3507 | D:5      | Gained mutation: You have a pair of antennae on your head.
                  | [demonic ancestry]
  3507 | D:5      | Reached XP level 6. HP: 44/48 MP: 6/6
  3674 | D:5      | Reached skill level 1 in Evocations
  3839 | D:5      | Gained mutation: You have a small tail. [demonic ancestry]
  3839 | D:5      | Reached XP level 7. HP: 54/55 MP: 7/7
  3869 | D:5      | Reached skill level 1 in Throwing
  3880 | D:5      | Found a radiant altar of Vehumet.
  3884 | D:5      | Noticed Eustachio
  3900 | D:5      | Killed Eustachio
  3901 | D:5      | Reached skill level 5 in Fighting
  4231 | D:6      | Found a staircase to the Ecumenical Temple.
  4239 | D:6      | Reached skill level 5 in Long Blades
  4249 | D:6      | Reached XP level 8. HP: 48/64 MP: 8/8
  4258 | D:6      | Reached skill level 6 in Fighting
  4628 | Temple   | Entered the Ecumenical Temple
  5067 | D:6      | Reached skill level 5 in Armour
  5135 | D:6      | Reached skill level 7 in Fighting
  5393 | D:6      | Reached XP level 9. HP: 61/72 MP: 9/9
  5841 | D:7      | Identified the +0 plate armour of Duty {Will+ Str+3}
  6016 | D:7      | Found a shimmering altar of Xom.
  6151 | Abyss:1  | Cast into level 1 of the Abyss (orc warrior)
  6178 | Abyss:1  | Noticed a bone dragon
  6202 | Abyss:1  | Slain by a bone dragon

Illustrated notes

Levels and vault maps discovered:
D:1:      nagdon_arrival_zigzag_paths, layout_rooms, minmay_misc_feat_room,
          chequers_serial_rivers_large_a
D:2:      layout_rooms, basic_altar, minmay_surrounded
D:3:      layout_basic, mainiacjoe_overflow_divided_tiny,
          corexii_leaking_fountain, serial_bayou_lagoon_b
D:4:      nicolae_cairo_tiling, layout_loops_cross,
          eino_small_chamber_without_monster
D:5:      layout_basic, mainiacjoe_overflow_tiny_flanked, uniq_eustachio
D:6:      layout_loops_ring, minmay_temple_entry_mist
D:7:      lemuel_slime, layout_basic, kennysheep_mini_moat
Temple:   nicolae_temple_figure_eight
Abyss:1:  base:
D:1

Skill      XL: |  1  2  3  4  5  6  7  8 |
---------------+-------------------------+-----
Long Blades    | 2 3 4 5 6 |  6.6
Armour         | 3 5 |  5.6
Dodging        | 1 2 3 |  3.0
Fighting       | 4 5 7 |  7.5
Stealth        | 1 |  1.0
Evocations     | 2 |  2.0
Throwing       | 2 |  2.0
Shields        | |  2.6

Action                     |  1- 3 |  4- 6 |  7- 9 || total
---------------------------+-------+-------+-------++-------
  Melee: Long sword        |    82 |   130 |   192 ||   404
         Tailslap          |       |       |    31 ||    31
  Throw: Javelin           |     3 |       |       ||     3
         Stone             |       |     5 |    18 ||    23
         Dart              |       |       |     6 ||     6
    Use: Scroll            |     5 |     2 |     5 ||    12
         Potion            |     2 |     2 |     4 ||     8
   Stab: Sleeping          |       |     4 |     4 ||     8
 Armour: Scale mail        |    58 |    41 |       ||    99
         Chain mail        |       |     2 |     9 ||    11
         Leather armour    |       |       |    37 ||    37
         Plate armour      |       |       |    14 ||    14
  Dodge: Dodged            |    57 |    72 |    68 ||   197
  Block: Buckler           |    38 |    44 |    23 ||   105
         Kite shield       |       |       |    31 ||    31

Table legend: (Time is in decaauts)
 A = Elapsed time spent in this place.
 B = Non-inter-level travel time spent in this place.
 C = Inter-level travel time spent in this place.
 D = Time resting spent in this place.
 E = Time spent auto-exploring this place.
 F = Levels seen in this place.
 G = Mean time per level.
                   A        B        C        D        E       F      G
               +--------+--------+--------+--------+--------+-----+--------+
         Total |   6342 |   5500 |    842 |    729 |   3142 |   9 |  704.7 |
       Dungeon |   6059 |   5250 |    809 |    729 |   2919 |   7 |  865.6 |
        Temple |    233 |    200 |     33 |      0 |    198 |   1 |  233.0 |
         Abyss |     49 |     49 |      0 |      0 |     25 |   1 |   49.0 |
               +--------+--------+--------+--------+--------+-----+--------+

Top non-repeatable levels by time:
     D:6: 1403 daAuts
     D:3: 1215 daAuts
     D:4: 951 daAuts
     D:1: 882 daAuts
     D:5: 709 daAuts
     D:2: 654 daAuts
     D:7: 242 daAuts
  Temple: 233 daAuts
 Abyss:1: 49 daAuts
